 Dungeon Crawl Stone Soup version 0.29-a0-340-g6efceafd81 (webtiles) character file.

Game seed: 16712969774036692937

148820 Strat the Basher (level 17, -1/123 (137) HPs)
             Began as a Gnoll Cinder Acolyte on Apr 19, 2022.
             Was a High Priest of Ignis.
             Slain by a 27-headed hydra skeleton (8 damage)
             ... on level 4 of the Swamp.
             The game lasted 01:47:56 (38136 turns).

Strat the Basher (Gnoll Cinder Acolyte)            Turns: 38136, Time: 01:47:58

HP:   -1/123 (137)  AC: 18    Str: 19    XL:     17   Next: 50%
MP:   27/33         EV: 15    Int: 15    God:    Ignis [*****.]
Gold: 5796          SH: 12    Dex: 13    Spells: 11/40 levels left

rFire   + . .      SeeInvis +   b - +2 flail (drain)
rCold   . . .      Faith    .   v - +0 kite shield {reflect}
rNeg    . . .      Spirit   .   Y - +0 swamp dragon scales
rPois   +          Reflect  +   G - +0 helmet
rElec   .          Harm     .   Q - +1 cloak of Omigril {Will+ Regen+}
rCorr   .          Rampage  .   (no gloves)
Will    ++...                   O - +2 pair of boots
Stlth   ++++......              d - amulet of regeneration
HPRegen 1.90/turn               o - ring of see invisible
MPRegen 0.23/turn               s - +6 ring of dexterity

@: about to teleport, heavily drained
A: fangs 1, strong nose, distributed training, clumsy 1
a: Renounce Religion, Fiery Armour, Foxfire Swarm, Rising Flame


You were on level 4 of the Swamp.
You worshipped Ignis.
Ignis was extremely pleased with you.
You visited 4 branches of the dungeon, and saw 27 of its levels.

You collected 5796 gold pieces.

Inventory:

Hand Weapons
 a - a +3 dire flail of flaming
 b - a +2 flail of draining (weapon)
 q - a +0 hunting sling
Missiles
 c - 606 stones (quivered)
 e - 50 poisoned darts
 m - 11 silver javelins
 K - a throwing net
 L - 13 javelins
 W - 4 curare-tipped darts
Armour
 k - the +5 ring mail "Tiodoosu" {rElec Int+2 Dex+3}
   (You found it on level 3 of the Dungeon)

   Int:       It affects your intelligence (+2).
   Dex:       It affects your dexterity (+3).
   rElec:     It insulates you from electricity.
 v - a +0 kite shield of reflection (worn)
 G - a +0 helmet (worn)
 O - a +2 pair of boots (worn)
 Q - the +1 cloak of Omigril (worn) {Will+ Regen+}
   (You acquired it on level 4 of the Lair of Beasts)

   Regen:     It increases your rate of health regeneration.
   Will:      It increases your willpower.
 Y - +0 swamp dragon scales (worn)
Jewellery
 d - an amulet of regeneration (around neck)
 g - a ring of willpower
 o - a ring of see invisible (left hand)
 s - a +6 ring of dexterity (right hand)
 w - a ring of resist corrosion
 H - a ring of protection from fire
Wands
 i - a wand of mindburst (33)
 r - a wand of polymorph (15)
 y - a wand of digging (3)
 A - a wand of flame (49)
 C - a wand of paralysis (10)
 J - a wand of charming (7)
 N - a wand of iceblast (6)
 Z - a wand of acid (2)
Scrolls
 j - 2 scrolls of teleportation
 t - a scroll of silence
 x - a scroll of fear
 B - 2 scrolls of enchant weapon
 E - 4 scrolls of enchant armour
 M - 4 scrolls of fog
 P - 3 scrolls of amnesia
 V - 5 scrolls of identify
 X - 2 scrolls of magic mapping
Potions
 f - 5 potions of brilliance
 h - 3 potions of lignification
 l - 5 potions of invisibility
 n - 2 potions of magic
 p - 3 potions of mutation
 u - 8 potions of curing
 z - 3 potions of flight
 D - a potion of resistance
 F - 2 potions of ambrosia
 I - a potion of berserk rage
 S - 3 potions of might
 U - a potion of haste


   Skills:
 + Level 13.3 Fighting
 + Level 11.7 Short Blades
 + Level 11.7 Long Blades
 + Level 11.7 Axes
 + Level 13.3 Maces & Flails
 + Level 11.7 Polearms
 + Level 11.7 Staves
 + Level 11.7 Slings
 + Level 11.7 Bows
 + Level 11.7 Crossbows
 + Level 11.7 Throwing
 + Level 11.7 Armour
 + Level 11.7 Dodging
 + Level 11.7 Stealth
 + Level 11.7 Shields
 + Level 11.7 Unarmed Combat
 + Level 12.0 Spellcasting
 + Level 9.9 Conjurations
 + Level 9.9 Hexes
 + Level 9.9 Summonings
 + Level 9.9 Necromancy
 + Level 9.9 Translocations
 + Level 9.9 Transmutations
 + Level 11.3 Fire Magic
 + Level 9.9 Ice Magic
 + Level 9.9 Air Magic
 + Level 9.9 Earth Magic
 + Level 9.9 Poison Magic
 + Level 12.7 Invocations
 + Level 11.7 Evocations


You had 11 spell levels left.
You knew the following spells:

 Your Spells              Type           Power      Damage    Failure   Level
a - Scorch                Fire           86%        2d9       1%          2
b - Call Imp              Summ           38%        N/A       1%          2
c - Mephitic Cloud        Conj/Pois/Air  38%        N/A       1%          3
d - Fulminant Prism       Conj/Hex       19%        3d11      4%          4
e - Ozocubu's Armour      Ice            38%        N/A       1%          3
f - Freezing Cloud        Conj/Ice/Air   19%        6-21      12%         5
g - Irradiate             Conj/Tmut      19%        3d19      12%         5
h - Summon Forest         Summ/Tloc      19%        N/A       12%         5

Your spell library contained the following spells:

 Spells                   Type           Power      Damage    Failure   Level
 Animate Skeleton         Necr           76%        N/A       1%          1
 Magic Dart               Conj           100%       1d8       1%          1
 Pain                     Necr           100%       1d9       1%          1
 Sandblast                Erth           76%        2d16      1%          1
 Sting                    Tmut/Pois      100%       1d8       1%          1
 Corpse Rot               Necr/Air       76%        N/A       1%          2
 Passwall                 Tmut/Erth      31%        N/A       1%          2
 Poisonous Vapours        Pois/Air       76%        N/A       1%          2
 Searing Ray              Conj           76%        2d7       1%          2
 Sublimation of Blood     Necr           38%        N/A       1%          2
 Ignite Poison            Fire/Tmut/Pois 40%        N/A       1%          3
 Stone Arrow              Conj/Erth      76%        3d11      1%          3
 Summon Guardian Golem    Hex/Summ       38%        N/A       1%          3
 Vampiric Draining        Necr           38%        2d8       1%          3
 Animate Armour           Summ/Erth      76%        N/A       4%          4
 Olgreb's Toxic Radiance  Pois           38%        N/A       4%          4
 Petrify                  Tmut/Erth      38%        N/A       4%          4
 Blade Hands              Tmut           19%        N/A       12%         5
 Metabolic Englaciation   Hex/Ice        19%        N/A       12%         5
 Conjure Ball Lightning   Conj/Air       19%        3x3d6     54%         6
 Eringya's Noxious Bog    Tmut/Pois      19%        N/A       54%         6
 Iron Shot                Conj/Erth      19%        9d4       54%         6
 Simulacrum               Ice/Necr       19%        N/A       54%         6
 Orb of Destruction       Conj           19%        9d8       98%         7
 Spellforged Servitor     Conj/Summ      19%        N/A       98%         7
 Summon Hydra             Summ           19%        N/A       98%         7
 Discord                  Hex            19%        N/A       100%        8
 Disjunction              Tloc           19%        N/A       100%        8


Dungeon Overview and Level Annotations

Branches:
Dungeon (15/15) Temple (0/1) D:5 Lair (6/6) D:8 Swamp (4/4) Lair:2 Snake (0/4) Lair:2 Slime (0/5) Lair:6 Orc (2/2) D:10 Elf (0/3) Orc:2 Vaults (0/5) D:12 D:13 Depths (0/4) D:15

Altars:
Cheibriados
Dithmenos
Elyvilon
Fedhas
Gozag
Kikubaaqudgha
Makhleb
Okawaru
Qazlal
Xom
Yredelemnul
Zin
The Shining One
Jiyva

Shops:
D:6 *   D:9 *   Orc:2 ((:[

Annotations:
D:4 7 runed translucent doors, avis's ghost, novice HOMo
D:6 2 transporters, Cheivey's ghost, novice MiFi
D:11 3 runed translucent doors, Amaemon; Erolcha
D:13 Rupert
Lair:4 exclusion: oklob plant


Innate Abilities, Weirdness & Mutations

You have very sharp teeth.
Your uncanny sense of smell can sniff out nearby items.
Your experience applies equally to all skills.
You are clumsy. (Dex -2)


Message History

The 27-headed hydra skeleton bites you but does no damage. x9
The 27-headed hydra skeleton bites you.
* * * LOW HITPOINT WARNING * * *
You block the 27-headed hydra skeleton's attack.
The 27-headed hydra skeleton bites you.
* * * LOW HITPOINT WARNING * * *
You block the 27-headed hydra skeleton's attack.
The 27-headed hydra skeleton bites you but does no damage.
The 27-headed hydra skeleton closely misses you.
The 27-headed hydra skeleton misses you.
The 27-headed hydra skeleton bites you but does no damage.
The 27-headed hydra skeleton bites you.
* * * LOW HITPOINT WARNING * * *
The 27-headed hydra skeleton bites you.
* * * LOW HITPOINT WARNING * * *
The 27-headed hydra skeleton bites you but does no damage.
The 27-headed hydra skeleton barely misses you.
The 27-headed hydra skeleton bites you but does no damage. x2
Unknown command.
You feel better.
Space becomes stable.
You feel better.
The 27-headed hydra skeleton bites you but does no damage.
The 27-headed hydra skeleton bites you.
* * * LOW HITPOINT WARNING * * *
The 27-headed hydra skeleton completely misses you.
You block the 27-headed hydra skeleton's attack.
The 27-headed hydra skeleton closely misses you. x2
The 27-headed hydra skeleton bites you.
* * * LOW HITPOINT WARNING * * *
You block the 27-headed hydra skeleton's attack.
The 27-headed hydra skeleton bites you.
* * * LOW HITPOINT WARNING * * *
The 27-headed hydra skeleton bites you but does no damage. x2
The 27-headed hydra skeleton bites you.
* * * LOW HITPOINT WARNING * * *
The 27-headed hydra skeleton bites you.
* * * LOW HITPOINT WARNING * * *
The 27-headed hydra skeleton bites you!
You die...

♣♣♣ ♣♣♣♣♣♣♣♣♣♣♣♣♣♣♣ ♣♣≈♣♣♣♣♣♣
♣♣♣≈..≈.♣♣....§.♣♣♣♣♣≈≈≈♣.≈≈≈
♣♣...≈§≈≈......)[.)[)≈≈≈≈≈.≈≈≈
♣§.≈≈≈≈≈≈....♣♣♣♣♣.[...♣♣≈.≈≈≈
♣♣≈≈≈.≈≈≈≈<)[@♣♣ ♣§..♣♣♣♣[≈≈≈.
♣♣...§≈≈≈≈≈≈Z.♣♣♣♣♣♣♣ ♣.≈≈≈.
♣♣♣♣♣≈......≈..≈≈≈≈♣ ♣♣♣..§.♣
♣≈≈≈....≈≈≈≈≈≈≈≈≈≈≈♣ ♣♣♣♣≈...♣♣♣
≈≈≈≈.♣♣≈≈≈§≈..≈≈≈≈≈♣♣ ♣.....♣♣♣♣♣
≈≈≈≈.♣≈≈≈≈≈...≈≈≈≈≈.♣♣♣♣≈≈..♣♣§≈.
≈≈§≈≈.§≈≈≈≈.♣≈≈≈≈≈≈≈.♣♣♣.≈≈...≈≈≈
≈≈≈.♣♣:.≈≈≈.♣♣♣≈.≈≈≈≈§♣♣.≈≈≈≈≈≈≈≈
♣..♣♣♣≈..≈≈≈≈♣♣♣♣.≈≈≈≈≈♣.≈≈≈≈≈≈≈≈


You could see a 27-headed hydra skeleton (dazed).

Vanquished Creatures
  Frances (D:12)
  A thorn hunter (Swamp:3)
  2 fenstrider witches (Swamp:4)
  4 eleionomae
  A vampire knight (Swamp:4)
  Nessos (D:14)
  6 bunyips
  A fire dragon (Lair:6)
  A shambling mangrove (Swamp:2)
  4 boulder beetles
  20 hydras
  4 ogre magi
  8 two-headed ogres
  A catoblepas (Lair:4)
  2 ghost crabs
  5 tengu warriors
  5 centaur warriors
  A satyr (shapeshifter) (D:14)
  4 alligators
  A death yak (Lair:4)
  Urug (Lair:5)
  5 orc high priests
  A deep elf knight (D:13)
  6 skeletal warriors
  A spriggan druid (Swamp:4)
  6 goliath frogs
  A spectral hydra (Swamp:4)
  2 wizards
  11 swamp dragons
  4 bog bodies
  A deep elf pyromancer (D:15)
  7 ugly things
  A wolf spider (D:15)
  2 orc sorcerers
  6 orc knights
  2 will-o-the-wisps (Swamp:2)
  4 cyclopes
  22 elephants
  10 black mambas
  Joseph (Lair:1)
  An orange demon (D:11)
  13 cane toads
  A torpor snail (Lair:3)
  An unseen horror (D:13)
  5 rime drakes
  A kobold demonologist (D:14)
  3 freezing wraiths (D:15)
  17 komodo dragons
  2 hydra zombies (Swamp:4)
  3 trolls
  A bloated husk (Swamp:4)
  12 polar bears
  A death drake zombie (Swamp:4)
  3 meliai (D:14)
  A queen bee (shapeshifter) (D:15)
  4 slime creatures
  6 tyrant leeches
  12 hornets
  4 hydra skeletons (Swamp:4)
  11 blink frogs
  8 dream sheep
  2 raiju (Lair:6)
  A centaur simulacrum (D:14)
  2 shadows
  5 wyverns
  9 spriggans
  A wraith (D:12)
  2 vampires (D:12)
  8 basilisks
  46 yaks
  2 steam dragons (Lair:6)
  Grum (Lair:1)
  16 humans
  7 vampire mosquitoes (D:14)
  2 acid dragons
  15 swamp worms
  7 wargs
  17 water moccasins
  4 hydra simulacra (Swamp:4)
  13 hell hounds (Lair:6)
  A floating eye (Orc:1)
  31 orc warriors
  6 swamp drakes
  A sky beast (D:8)
  4 swamp dragon zombies (Swamp:4)
  3 ice beasts
  14 black bears
  13 ogres
  35 wolves
  11 centaurs
  A swamp dragon skeleton (Swamp:4)
  2 kobold brigands
  A necrophage (D:5)
  9 bullfrogs
  7 scorpions
  A gnoll sergeant (D:9)
  8 wights
  24 killer bees
  3 howler monkeys
  An electric eel (Lair:3)
  7 jellies
  2 hounds (D:5)
  34 orc priests
  An iron imp (D:7)
  5 iguanas
  22 orc wizards
  6 hell rats (Lair:6)
  7 gnolls
  10 adders
  2 shadow imps
  2 white imps
  3 worms
  A dart slug (D:2)
  64 orcs
  5 endoplasms
  3 giant cockroaches
  8 goblins
  7 hobgoblins
  2 jackals (D:5)
  20 kobolds
  3 quokkas
  5 ball pythons
  4 bats
  4 frilled lizards
  2 rats
  A spectral kobold (D:1)
  4 fulminant prisms
847 creatures vanquished.

Vanquished Creatures (collateral kills)
  Jorgrun (D:15)
  A rime drake (Lair:6)
  A hydra simulacrum (Swamp:4)
  A black bear (D:8)
  2 orc wizards
6 creatures vanquished.

Vanquished Creatures (others)
  A bunyip (Swamp:1)
  A goliath frog (Swamp:1)
  4 bloated husks
  A swamp worm (Swamp:1)
  An orc wizard (D:6)
  8 foxfires (Swamp:2)
  22 fulminant prisms
  91 fungi
  197 plants
  2 snaplasher vines (D:15)
  16 toadstools (Lair:4)
344 creatures vanquished.

Grand Total: 1197 creatures vanquished

Notes
Turn   | Place    | Note
-------+----------+-------------------------------------------
     0 | D:1      | Strat the Gnoll Cinder Acolyte began the quest for the Orb.
     0 | D:1      | Reached XP level 1. HP: 23/23 MP: 4/4
   321 | D:1      | Reached XP level 2. HP: 24/29 MP: 5/5
   743 | D:1      | Found a faded altar of an unknown god.
   946 | D:1      | Learned a level 2 spell: Scorch
   947 | D:1      | Reached XP level 3. HP: 35/35 MP: 4/7
  1333 | D:2      | Reached skill level 1 in Invocations
  1525 | D:2      | Reached skill level 1 in Short Blades
  1525 | D:2      | Reached skill level 1 in Long Blades
  1525 | D:2      | Reached skill level 1 in Axes
  1525 | D:2      | Reached skill level 1 in Polearms
  1525 | D:2      | Reached skill level 1 in Staves
  1525 | D:2      | Reached skill level 1 in Slings
  1525 | D:2      | Reached skill level 1 in Bows
  1525 | D:2      | Reached skill level 1 in Crossbows
  1525 | D:2      | Reached skill level 1 in Throwing
  1525 | D:2      | Reached skill level 1 in Armour
  1525 | D:2      | Reached skill level 1 in Dodging
  1525 | D:2      | Reached skill level 1 in Stealth
  1525 | D:2      | Reached skill level 1 in Shields
  1525 | D:2      | Reached skill level 1 in Unarmed Combat
  1525 | D:2      | Reached skill level 1 in Evocations
  1547 | D:2      | Reached XP level 4. HP: 31/41 MP: 1/8
  2071 | D:3      | You fall into a shaft and drop 3 floors!
  2116 | D:6      | Identified a scroll of acquirement
  2116 | D:6      | Acquired 927 gold pieces
  2150 | D:6      | Noticed a black bear
  2215 | D:6      | Noticed a centaur
  2277 | D:6      | Noticed an ice beast
  2400 | D:5      | Entered Level 5 of the Dungeon
  2405 | D:5      | Reached skill level 1 in Conjurations
  2405 | D:5      | Reached skill level 1 in Hexes
  2405 | D:5      | Reached skill level 1 in Summonings
  2405 | D:5      | Reached skill level 1 in Necromancy
  2405 | D:5      | Reached skill level 1 in Translocations
  2405 | D:5      | Reached skill level 1 in Transmutations
  2405 | D:5      | Reached skill level 1 in Ice Magic
  2405 | D:5      | Reached skill level 1 in Air Magic
  2405 | D:5      | Reached skill level 1 in Earth Magic
  2405 | D:5      | Reached skill level 1 in Poison Magic
  2500 | D:4      | Reached XP level 5. HP: 31/47 MP: 4/9
  2874 | D:3      | Identified the +5 ring mail "Tiodoosu" {rElec Int+2 Dex+3}
  4323 | D:4      | Reached XP level 6. HP: 39/53 MP: 6/11
  4406 | D:4      | Found a runed translucent gate.
  4450 | D:4      | Found a large runed translucent door.
  4450 | D:4      | Found a large runed translucent door.
  4454 | D:4      | Identified the +0 robe of Ygont {Rampage *Slow Str+3}
  4638 | D:4      | Found a stormy altar of Qazlal.
  4664 | D:4      | Found a large runed translucent door.
  4664 | D:4      | Found a large runed translucent door.
  4685 | D:4      | Noticed an orc warrior
  4736 | D:4      | Killed an orc warrior
  4836 | D:4      | Reached XP level 7. HP: 59/59 MP: 12/12
  5338 | D:4      | Found a runed translucent gate.
  5339 | D:4      | Found a runed translucent gate.
  5342 | D:4      | Noticed avis's ghost (novice HOMo)
  5463 | D:4      | Noticed a yak
  5464 | D:4      | Noticed a yak
  5494 | D:4      | Killed a yak
  5494 | D:4      | Noticed a yak
  5497 | D:4      | Noticed a yak
  5580 | D:3      | Killed a yak
  5581 | D:3      | Reached XP level 8. HP: 45/67 MP: 9/14
  5700 | D:3      | Killed a yak
  5706 | D:3      | Killed a yak
  6100 | D:5      | Learned a level 2 spell: Call Imp
  6260 | D:5      | Found a staircase to the Ecumenical Temple.
  6435 | D:5      | Found a basalt altar of Yredelemnul.
  7053 | D:5      | Found a glowing silver altar of Zin.
  7158 | D:5      | Reached XP level 9. HP: 70/72 MP: 11/16
  7637 | D:6      | Learned a level 3 spell: Mephitic Cloud
  7695 | D:6      | Found Unucsarph's Elemental Accessories.
  7713 | D:6      | Reached skill level 5 in Spellcasting
  7949 | D:6      | Identified the +7 dire flail "Bischo Modgh" {flame, Str+4}
  7949 | D:6      | Noticed Cheivey's ghost (novice MiFi)
  7951 | D:6      | Found a transporter.
  7951 | D:6      | Found a transporter.
  8463 | D:6      | Found a white marble altar of Elyvilon.
  8651 | D:7      | Found an iron altar of Okawaru.
  8929 | D:7      | Reached skill level 5 in Invocations
  9177 | D:7      | Noticed a boulder beetle
  9350 | D:7      | Found a snail-covered altar of Cheibriados.
  9473 | D:8      | Found a burning altar of Makhleb.
  9600 | D:8      | Found a staircase to the Lair.
  9601 | D:8      | Found a shimmering altar of Xom.
  9820 | D:8      | Reached XP level 10. HP: 80/80 MP: 18/18
 10563 | D:8      | Reached skill level 5 in Short Blades
 10563 | D:8      | Reached skill level 5 in Long Blades
 10563 | D:8      | Reached skill level 5 in Axes
 10563 | D:8      | Reached skill level 5 in Polearms
 10563 | D:8      | Reached skill level 5 in Staves
 10563 | D:8      | Reached skill level 5 in Slings
 10563 | D:8      | Reached skill level 5 in Bows
 10563 | D:8      | Reached skill level 5 in Crossbows
 10563 | D:8      | Reached skill level 5 in Throwing
 10563 | D:8      | Reached skill level 5 in Armour
 10563 | D:8      | Reached skill level 5 in Dodging
 10563 | D:8      | Reached skill level 5 in Stealth
 10563 | D:8      | Reached skill level 5 in Shields
 10563 | D:8      | Reached skill level 5 in Unarmed Combat
 10563 | D:8      | Reached skill level 5 in Evocations
 11322 | D:9      | Noticed a two-headed ogre
 11477 | D:9      | Killed a two-headed ogre
 12153 | D:9      | Found an opulent altar of Gozag.
 12158 | D:9      | Found Gozag's Platinum Reserve.
 12296 | D:9      | Found an ancient bone altar of Kikubaaqudgha.
 12341 | D:9      | Reached XP level 11. HP: 70/87 MP: 16/20
 12780 | D:9      | Found a glowing golden altar of the Shining One.
 12834 | D:10     | Entered Level 10 of the Dungeon
 12869 | D:10     | Noticed a cyclops
 12951 | D:10     | Killed a cyclops
 12952 | D:10     | Reached skill level 5 in Conjurations
 12952 | D:10     | Reached skill level 5 in Hexes
 12952 | D:10     | Reached skill level 5 in Summonings
 12952 | D:10     | Reached skill level 5 in Necromancy
 12952 | D:10     | Reached skill level 5 in Translocations
 12952 | D:10     | Reached skill level 5 in Transmutations
 12952 | D:10     | Reached skill level 5 in Ice Magic
 12952 | D:10     | Reached skill level 5 in Air Magic
 12952 | D:10     | Reached skill level 5 in Earth Magic
 12952 | D:10     | Reached skill level 5 in Poison Magic
 13450 | D:10     | Found a staircase to the Orcish Mines.
 13563 | D:10     | Noticed a centaur warrior
 14057 | D:10     | Killed a centaur warrior
 14168 | D:11     | Noticed a red ugly thing
 14180 | D:11     | Killed a red ugly thing
 14305 | D:11     | Noticed a boulder beetle
 14322 | D:11     | Killed a boulder beetle
 14376 | D:11     | Found a runed translucent gate.
 14377 | D:11     | Found a runed translucent gate.
 14378 | D:11     | Found a runed translucent gate.
 14380 | D:11     | Noticed a red ugly thing
 14380 | D:11     | Noticed a brown ugly thing
 14380 | D:11     | Noticed a red ugly thing
 14380 | D:11     | Noticed a cyan ugly thing
 14409 | D:11     | Noticed Amaemon
 14474 | Lair:1   | Entered Level 1 of the Lair of Beasts
 14501 | Lair:1   | Noticed Grum
 14527 | Lair:1   | Killed Grum
 14870 | Lair:1   | Acquired 936 gold pieces
 15126 | Lair:1   | Reached XP level 12. HP: 47/96 MP: 17/23
 15398 | Lair:1   | Noticed Joseph
 15569 | Lair:1   | Killed Joseph
 16330 | Lair:2   | Reached skill level 10 in Fighting
 16330 | Lair:2   | Reached skill level 10 in Maces & Flails
 16412 | Lair:2   | Found a staircase to the Snake Pit.
 16564 | Lair:2   | Noticed a six-headed hydra
 16587 | Lair:2   | Killed a six-headed hydra
 16730 | Lair:2   | Found a staircase to the Swamp.
 16855 | Lair:3   | Learned a level 4 spell: Fulminant Prism
 16859 | Lair:3   | Learned a level 3 spell: Ozocubu's Armour
 17074 | Lair:3   | Noticed a seven-headed hydra
 17136 | Lair:4   | Acquired a +0 kite shield of reflection
 17361 | Lair:4   | Noticed a six-headed hydra
 17406 | Lair:4   | Reached XP level 13. HP: 79/103 MP: 25/25
 17431 | Lair:4   | Acquired 943 gold pieces
 17818 | Lair:4   | Acquired the +1 cloak of Omigril {Will+ Regen+}
 18234 | Lair:5   | Noticed Urug
 18293 | Lair:5   | Killed Urug
 18932 | Lair:5   | Noticed an azure jelly
 19821 | Lair:4   | Found a blossoming altar of Fedhas.
 20094 | Lair:3   | Reached XP level 14. HP: 113/113 MP: 27/27
 21099 | Lair:6   | Entered Level 6 of the Lair of Beasts
 21786 | Lair:6   | Found a staircase to the Slime Pits.
 21787 | Lair:6   | Found a viscous altar of Jiyva.
 21819 | Lair:6   | Reached skill level 10 in Invocations
 23309 | Lair:6   | Reached skill level 10 in Spellcasting
 23908 | Lair:6   | Reached XP level 15. HP: 120/120 MP: 29/29
 24193 | Orc:1    | Entered Level 1 of the Orcish Mines
 24438 | Orc:1    | Paralysed by an ogre mage for 6 turns
 24598 | Orc:1    | Paralysed by an orc sorcerer for 3 turns
 24998 | Orc:2    | Entered Level 2 of the Orcish Mines
 25219 | Orc:2    | Reached skill level 10 in Fire Magic
 25313 | Orc:2    | Found Xeusupog's Armour Boutique.
 25316 | Orc:2    | Found Ramuih's Weapon Shop.
 25319 | Orc:2    | Found a staircase to the Elven Halls.
 25797 | Orc:2    | Reached skill level 10 in Short Blades
 25797 | Orc:2    | Reached skill level 10 in Long Blades
 25797 | Orc:2    | Reached skill level 10 in Axes
 25797 | Orc:2    | Reached skill level 10 in Polearms
 25797 | Orc:2    | Reached skill level 10 in Staves
 25797 | Orc:2    | Reached skill level 10 in Slings
 25797 | Orc:2    | Reached skill level 10 in Bows
 25797 | Orc:2    | Reached skill level 10 in Crossbows
 25797 | Orc:2    | Reached skill level 10 in Throwing
 25797 | Orc:2    | Reached skill level 10 in Armour
 25797 | Orc:2    | Reached skill level 10 in Dodging
 25797 | Orc:2    | Reached skill level 10 in Stealth
 25797 | Orc:2    | Reached skill level 10 in Shields
 25797 | Orc:2    | Reached skill level 10 in Unarmed Combat
 25797 | Orc:2    | Reached skill level 10 in Evocations
 26698 | Orc:2    | Found Lauggur's Book Boutique.
 26699 | Orc:2    | Found Qaleam's Antique Weapon Boutique.
 27242 | D:11     | Noticed Erolcha
 27502 | D:12     | Noticed Frances
 27597 | D:12     | Identified the -4 buckler of Exceptional Awe {Fly Str+4
                  | Dex+4}
 28104 | D:12     | Killed Frances
 28205 | D:13     | Noticed Rupert
 28205 | D:13     | Found a gate to the Vaults.
 28725 | D:13     | Learned a level 5 spell: Freezing Cloud
 28731 | D:13     | Learned a level 5 spell: Irradiate
 29057 | D:13     | Gained mutation: You are clumsy. (Dex -2) [mutagenic glow]
 29838 | D:14     | Reached XP level 16. HP: 119/128 MP: 19/30
 30469 | D:14     | Found a shadowy altar of Dithmenos.
 30748 | D:14     | Noticed Nessos
 30764 | D:14     | Killed Nessos
 31076 | D:15     | Entered Level 15 of the Dungeon
 31664 | D:15     | Learned a level 5 spell: Summon Forest
 32016 | D:15     | Found a glowing golden altar of the Shining One.
 32016 | D:15     | Found a glowing silver altar of Zin.
 32016 | D:15     | Found a white marble altar of Elyvilon.
 32094 | D:15     | Found a staircase to the Depths.
 32228 | D:15     | Noticed Jorgrun
 32283 | D:15     | Killed Jorgrun
 32583 | Swamp:1  | Entered Level 1 of the Swamp
 33725 | Swamp:2  | Paralysed by a hornet for 2 turns
 35151 | Swamp:3  | Noticed a thorn hunter
 35160 | Swamp:3  | Killed a thorn hunter
 35637 | Swamp:3  | Reached XP level 17. HP: 135/136 MP: 11/32
 36055 | Swamp:4  | Entered Level 4 of the Swamp
 38134 | Swamp:4  | HP: 4/123 [27-headed hydra skeleton (6)]
 38136 | Swamp:4  | Slain by a 27-headed hydra skeleton

Illustrated notes

Levels and vault maps discovered:
D:1:      dpeg_arrival_tiny_j, layout_basic,
          dreamdust_ecumenical_altar_drowned_temple, dreamdust_wishing_well,
          nrook_mini_backslash, serial_bayou_pond_e
D:2:      layout_loops_ring
D:3:      layout_basic
D:4:      layout_gridville, mainiacjoe_overflow_surrounded_room,
          gammafunk_ghost_necromancy, minmay_hollow_rounded_squares
D:5:      layout_loops_corners, kennysheep_little_box,
          mainiacjoe_overflow_paths, temple_green, serial_glass,
          glass_columns_a, glass_columns_b, glass_columns_a, glass_columns_c,
          kennysheep_boxes
D:6:      layout_loops_corners, mainiacjoe_overflow_brackets,
          gammafunk_ghost_smash, nicolae_elemental_shop
D:7:      layout_loops_ring, mainiacjoe_overflow_24_doors, slow_altar_1,
          nicolae_overflow_hidden_temple
D:8:      minmay_flawed_box, layout_basic, xom_butterflies,
          mainiacjoe_overflow_boulevard, lair_entry_dummy
D:9:      layout_cave_pools, lemuel_doored_altar, kennysheep_mini,
          nicolae_gozag_zags_fifth_avenue
D:10:     layout_rooms, orc_0_dummy
D:11:     layout_irregular_city, ploomutoo_gammafunk_ghost_potion_laboratory,
          uniq_erolcha, uniq_amaemon
D:12:     layout_irregular_city, uniq_frances
D:13:     layout_basic, david_vaults_3
D:14:     layout_basic, grunt_dithmenos_smoke, uniq_nessos
D:15:     hangedman_depths_entry_civil_slaughter, layout_irregular_city,
          portal_ice_cave_entry_frozen_things, good_gods_mini_temple,
          uniq_jorgrun
Lair:1:   layout_hall_layers, uniq_joseph, uniq_grum
Lair:2:   layout_cave_shapes, minmay_swamp_entry_worms,
          minmay_snake_entry_six_corridors, minmay_holes,
          infiniplex_staircase_pool_2
Lair:3:   layout_chaotic_city, serial_bayou_ford_a
Lair:4:   layout_long_grid, tgw_fedhas
Lair:5:   layout_roguey, nicolae_lair_time_for_slime, uniq_urug
Lair:6:   guppyfry_lair_end_dragon, layout_regular_city,
          hangedman_lair_caniforms_friends, slime_altar_1
Swamp:1:  layout_falls_marsh, nicolae_swamp_fairy_circle
Swamp:2:  nicolae_swamp_decorative_isthmus, layout_falls_marsh,
          nicolae_swamp_well_well_well, infiniplex_staircase_pool
Swamp:3:  layout_basic_swamp, nicolae_swamp_big_swirl, swamp_pool3
Swamp:4:  byrel_swamp_growth_death_and_undeath, layout_basic_swamp
Orc:1:    hellmonk_paralyzer, layout_diamond_mine
Orc:2:    st_orc_pillars, layout_diamond_mine, mines4_lemuel

Skill      XL: |  1  2  3  4  5  6  7  8  9 10 11 12 13 14 15 16 17 |
---------------+----------------------------------------------------+-----
Invocations    | 1 2 3 4 5 6 7 8 9 10 11 12 | 12.7
Short Blades   | 1 2 3 4 5 6 7 8 9 10 11 | 11.7
Long Blades    | 1 2 3 4 5 6 7 8 9 10 11 | 11.7
Axes           | 1 2 3 4 5 6 7 8 9 10 11 | 11.7
Polearms       | 1 2 3 4 5 6 7 8 9 10 11 | 11.7
Staves         | 1 2 3 4 5 6 7 8 9 10 11 | 11.7
Slings         | 1 2 3 4 5 6 7 8 9 10 11 | 11.7
Bows           | 1 2 3 4 5 6 7 8 9 10 11 | 11.7
Crossbows      | 1 2 3 4 5 6 7 8 9 10 11 | 11.7
Throwing       | 1 2 3 4 5 6 7 8 9 10 11 | 11.7
Armour         | 1 2 3 4 5 6 7 8 9 10 11 | 11.7
Dodging        | 1 2 3 4 5 6 7 8 9 10 11 | 11.7
Stealth        | 1 2 3 4 5 6 7 8 9 10 11 | 11.7
Shields        | 1 2 3 4 5 6 7 8 9 10 11 | 11.7
Unarmed Combat | 1 2 3 4 5 6 7 8 9 10 11 | 11.7
Evocations     | 1 2 3 4 5 6 7 8 9 10 11 | 11.7
Spellcasting   | 3 4 5 6 7 8 9 10 11 12 | 12.0
Conjurations   | 1 2 3 4 5 6 7 8 9 |  9.9
Hexes          | 1 2 3 4 5 6 7 8 9 |  9.9
Summonings     | 1 2 3 4 5 6 7 8 9 |  9.9
Necromancy     | 1 2 3 4 5 6 7 8 9 |  9.9
Translocations | 1 2 3 4 5 6 7 8 9 |  9.9
Transmutations | 1 2 3 4 5 6 7 8 9 |  9.9
Ice Magic      | 1 2 3 4 5 6 7 8 9 |  9.9
Air Magic      | 1 2 3 4 5 6 7 8 9 |  9.9
Earth Magic    | 1 2 3 4 5 6 7 8 9 |  9.9
Poison Magic   | 1 2 3 4 5 6 7 8 9 |  9.9
Fighting       | 7 8 9 10 11 12 13 | 13.3
Maces & Flails | 7 8 9 10 11 12 13 | 13.3
Fire Magic     | 6 7 8 9 10 11 | 11.3

Action                   |  1- 3 |  4- 6 |  7- 9 | 10-12 | 13-15 | 16-18 || total
-------------------------+-------+-------+-------+-------+-------+-------++-------
Melee: Mace              |    54 |    67 |       |       |       |       ||   121
       Bite              |     4 |     8 |    28 |    94 |   428 |   137 ||   699
       Punch             |     1 |     4 |       |       |       |       ||     5
       Flail             |       |    26 |       |       |  2357 |   776 ||  3159
       Dire flail        |       |     1 |   239 |   605 |   163 |       ||  1008
 Fire: Hunting sling     |       |    17 |       |       |       |       ||    17
Throw: Stone             |       |       |       |     1 |       |       ||     1
 Cast: Scorch            |    13 |    15 |    63 |   121 |    42 |    57 ||   311
       Call Imp          |       |       |     6 |     3 |     2 |       ||    11
       Mephitic Cloud    |       |       |     1 |     8 |     9 |       ||    18
       Ozocubu's Armour  |       |       |       |     2 |     3 |       ||     5
       Fulminant Prism   |       |       |       |       |    25 |     1 ||    26
       Irradiate         |       |       |       |       |     6 |    40 ||    46
       Freezing Cloud    |       |       |       |       |       |    90 ||    90
       Summon Forest     |       |       |       |       |       |     6 ||     6
Invok: Fiery Armour      |       |       |       |       |     1 |       ||     1
Evoke: Wand              |       |     5 |       |    13 |    11 |     1 ||    30
  Use: Scroll            |       |    13 |     2 |    17 |    17 |     4 ||    53
       Potion            |       |     4 |     1 |     1 |     8 |     9 ||    23
 Stab: Sleeping          |       |     3 |     1 |     4 |     4 |     4 ||    16
       Confused          |       |       |     4 |    13 |    14 |       ||    31
       Paralysed         |       |       |       |    27 |       |       ||    27
       Distracted        |       |       |       |       |     2 |       ||     2
Armor: Leather armour    |    12 |     7 |       |       |       |       ||    19
       Robe              |     1 |       |       |       |       |       ||     1
       Ring mail         |       |    23 |   118 |   332 |  1102 |   124 ||  1699
       Swamp dragon scal |       |       |       |       |       |   463 ||   463
Dodge: Dodged            |    25 |    59 |   154 |   557 |  1625 |   556 ||  2976
Block: Kite shield       |       |       |       |       |  1724 |   566 ||  2290
       Reflection        |       |       |       |       |    12 |    10 ||    22

Table legend: (Time is in decaauts)
 A = Elapsed time spent in this place.
 B = Non-inter-level travel time spent in this place.
 C = Inter-level travel time spent in this place.
 D = Time resting spent in this place.
 E = Time spent auto-exploring this place.
 F = Levels seen in this place.
 G = Mean time per level.
                   A        B        C        D        E       F      G
               +--------+--------+--------+--------+--------+-----+--------+
         Total |  38203 |  36490 |   1713 |   7317 |  16888 |  27 | 1414.9 |
       Dungeon |  20240 |  19234 |   1006 |   4397 |   9692 |  15 | 1349.3 |
          Lair |   9806 |   9425 |    381 |   1376 |   3815 |   6 | 1634.3 |
         Swamp |   5596 |   5389 |    207 |   1072 |   2590 |   4 | 1399.0 |
  Orcish Mines |   2560 |   2442 |    118 |    469 |    791 |   2 | 1280.0 |
               +--------+--------+--------+--------+--------+-----+--------+

Top non-repeatable levels by time:
  Lair:6: 2948 daAuts
     D:8: 2031 daAuts
     D:4: 1860 daAuts
 Swamp:4: 1847 daAuts
    D:14: 1757 daAuts
 Swamp:3: 1744 daAuts
     D:9: 1700 daAuts
     D:5: 1682 daAuts
     D:6: 1631 daAuts
  Lair:4: 1631 daAuts
  Lair:5: 1562 daAuts
     D:3: 1548 daAuts
   Orc:1: 1548 daAuts
  Lair:1: 1358 daAuts
 Swamp:2: 1248 daAuts
